 Dungeon Crawl Stone Soup version 0.23-a0-449-g8e4cbf7 (webtiles) character file.

26461 puzzle the Severer (level 13, 0/100 HPs)
             Began as a Formicid Abyssal Knight on Nov 21, 2018.
             Was the Champion of Lugonu.
             Slain by a harpy skeleton (7 damage)
             ... on level 15 of the Dungeon.
             The game lasted 00:57:14 (17148 turns).

puzzle the Severer (Formicid Abyssal Knight)       Turns: 17148, Time: 00:57:15

Health: 0/100      AC: 29    Str: 16 (19) XL:     13   Next: 58%
Magic:  0/6        EV: 11    Int: 14 (15) God:    Lugonu [******]
Gold:   931        SH:  4    Dex:  7 (10) Spells: 11/12 levels left

rFire    . . .     SeeInvis +   T - +5 battleaxe (antimagic)
rCold    + . .     Gourm    .   E - +0 buckler
rNeg     . . .     Faith    .   f - +9 chain mail "Isab" {rPois Dex+2}
rPois    +         Spirit   +   (helmet unavailable)
rElec    .         Reflect  .   U - +1 cloak
rCorr    .         Harm     .   (no gloves)
MR       +....                  S - +2 pair of boots
Stlth    ..........             F - amulet of guardian spirit
HPRegen  0.66/turn              w - ring of flight
MPRegen  0.10/turn              X - +4 ring of evasion

@: no status effects
A: permanent stasis, dig shafts and tunnels, four strong arms, antennae 3, icy
blue scales 1, camouflage 2, blurry vision 1, clumsy 1, cold resistance 1,
regeneration 1, evolution 1, MP-powered wands
a: Dig, Shaft Self, Depart the Abyss, Bend Space, Banish, Corrupt, Enter the
Abyss, Brand Weapon With Distortion, Renounce Religion, Evoke Flight


You were on level 15 of the Dungeon.
You worshipped Lugonu.
Lugonu was exalted by your worship.
You were hungry.

You visited 1 branch of the dungeon, and saw 15 of its levels.
You visited the Abyss 1 time.

You collected 931 gold pieces.

Inventory:

Hand Weapons
 j - a +3 scimitar of flaming
 k - a +2 hand axe of chopping
 G - a cursed -2 spear
 T - a +5 antimagic battleaxe (weapon)
Missiles
 d - 83 bolts
 B - 9 javelins (quivered)
 L - 34 tomahawks
Armour
 f - the +9 chain mail "Isab" (worn) {rPois Dex+2}
   (You found it on level 2 of the Abyss)

   It affects your dexterity (+2).
   It protects you from poison.
 m - a +3 plate armour of fire resistance
 E - a +0 buckler (worn)
 S - a +2 pair of boots (worn)
 U - a +1 cloak (worn)
Jewellery
 s - a +3 ring of dexterity
 w - a ring of flight (left hand)
 F - an amulet of guardian spirit (around neck)
 X - a +4 ring of evasion (right hand)
Wands
 a - a wand of clouds (7)
 e - a wand of scattershot (5)
 H - a wand of paralysis (9)
 Q - a wand of digging (6)
 R - a wand of enslavement (11)
 V - a wand of acid (15)
 Y - a wand of iceblast (7)
 Z - a wand of disintegration (6)
Scrolls
 g - 3 scrolls of immolation
 h - 2 scrolls of remove curse
 i - a scroll of amnesia
 l - a scroll of identify
 r - 6 scrolls of magic mapping
Potions
 o - 2 potions of cancellation
 p - 3 potions of brilliance
 q - a potion of resistance {unknown}
 t - 3 potions of curing
 v - 5 potions of agility
 z - 2 potions of lignification
 D - a potion of flight {unknown}
 I - 2 potions of degeneration
 J - a potion of heal wounds {unknown}
 O - a potion of might
Comestibles
 c - 29 rations


   Skills:
 + Level 8.8 Fighting
 + Level 15.1 Axes
 - Level 0.1 Throwing
 + Level 11.5 Armour
 - Level 0.8 Dodging
 - Level 4.5 Shields
 - Level 10.0 Invocations


You had 11 spell levels left.
You knew the following spells:

 Your Spells              Type           Power        Failure   Level  Hunger
a - Apportation           Tloc           #.....       95%         1    ##.....

Your spell library contained the following spells:

 Spells                   Type           Power        Failure   Level  Hunger
 Animate Skeleton         Necr           N/A          95%         1    ##.....
 Confusing Touch          Hex            #.....       95%         1    ##.....
 Corona                   Hex            #......      95%         1    ##.....
 Summon Small Mammal      Summ           #...         95%         1    ##.....
 Call Imp                 Summ           #.......     99%         2    ###....
 Slow                     Hex            #.......     99%         2    ###....
 Call Canine Familiar     Summ           #.......     100%        3    ####...
 Ignite Poison            Fire/Tmut/Pois #.......     100%        3    ####...
 Inner Flame              Hex/Fire       #.......     100%        3    ####...
 Portal Projectile        Hex/Tloc       #.....       100%        3    ####...
 Summon Guardian Golem    Hex/Summ       #.......     100%        3    ####...
 Cause Fear               Hex            #.........   100%        4    #####..
 Leda's Liquefaction      Hex/Erth       #.........   100%        4    #####..
 Summon Ice Beast         Ice/Summ       #.......     100%        4    #####..
 Summon Lightning Spire   Summ/Air       #.......     100%        4    #####..
 Fireball                 Conj/Fire      #.........   100%        5    ######.
 Bolt of Fire             Conj/Fire      #.........   100%        6    #######
 Ring of Flames           Chrm/Fire      #.........   100%        7    #######
 Ignition                 Fire           #.........   100%        8    #######


Dungeon Overview and Level Annotations

Branches:
Dungeon (15/15)            Temple (0/1) D:4            Lair (0/6) D:11
    Orc (0/2) D:12         Vaults (0/5) D:14
 Depths: D:15

Altars:
Cheibriados
Elyvilon
Gozag
Kikubaaqudgha
Nemelex Xobeh
Sif Muna
Trog
Uskayaw
Vehumet
Wu Jian
The Shining One

Shops:
D:13 %

Portals:
Trove: D:15 (give horn of Geryon)

Annotations:
D:2 Sigmund
D:4 exclusion: downstairs
D:5 3 runed doors, lemonriz's ghost, novice GrEE
D:11 1 runed door
D:12 exclusion: 2 downstairs
Abyss:1 Erolcha


Innate Abilities, Weirdness & Mutations

You cannot be hasted, slowed, berserked, paralysed or teleported.
You can dig through walls and to a lower floor.
Your four strong arms can wield two-handed weapons with a shield.
You have a pair of large antennae on your head. (SInv)
You are partially covered in icy blue scales. (AC +2)
Your skin blends seamlessly with your surroundings (Stealth++).
Scrolls take you a little longer to read.
You are clumsy. (Dex -2)
Your flesh is cold resistant. (rC+)
Your natural rate of healing is unusually fast.
You evolve.
You expend magic power (3 MP) to strengthen your wands.


Message History

The harpy skeleton claws you but does no damage.
You barely miss the shadow.
The shadow is heavily damaged.
You slash the harpy skeleton!
The harpy skeleton claws you but does no damage.
The harpy skeleton barely misses you. The shadow barely misses you.
You block the harpy skeleton's attack.
The harpy skeleton claws you but does no damage.
You closely miss the shadow.
The shadow is heavily damaged.
You hit the harpy skeleton. The harpy skeleton claws you.
* * * LOW HITPOINT WARNING * * *
You block the harpy skeleton's attack. x2; The harpy skeleton claws you.
* * * LOW HITPOINT WARNING * * *
The shadow slips into darkness.
The shadow flickers and vanishes for a moment.
You hit the shadow.
The shadow is severely damaged.
You slash the harpy skeleton! The harpy skeleton claws you!
You die...

#........#
#........#
#........#
####........#
............#
...........#
#....W...#
#...Z@...#
#...)....#
#............
................
.......#########.
...8#.. ....#..
P.. #.. P. ..$


You could see a shadow (invisible) and a harpy skeleton.

Vanquished Creatures
  An ironheart preserver (D:14)
  A hydra (D:15)
  A tengu warrior (D:14)
  3 two-headed ogres
  A necromancer (D:15)
  Pikel (D:8)
  A deep elf mage (D:12)
  10 ugly things
  2 manticores
  2 cyclopes
  A stone giant skeleton (D:15)
  2 centaur zombies
  2 gargoyles
  A komodo dragon (D:13)
  3 efreet
  A meliai (D:14)
  2 trolls (D:10)
  A hornet (D:9)
  A meliai zombie (D:14)
  A deep troll zombie (D:15)
  A spriggan (D:13)
  2 wyverns
  2 vampires
  4 yaks (D:10)
  5 vampire mosquitoes (D:14)
  4 hungry ghosts
  3 wargs (D:10)
  A soldier ant (D:11)
  Edmund (D:5)
  An acid dragon (D:12)
  10 orc warriors
  5 ice beasts
  4 phantoms
  2 sky beasts
  2 eyes of draining
  4 black bears
  A necrophage (D:11)
  9 ogres
  9 centaurs
  2 big kobolds
  6 bullfrogs
  3 scorpions
  9 killer bees
  4 wights (D:11)
  An electric eel (D:12)
  5 howler monkeys
  7 crimson imps
  A quasit (D:11)
  4 hounds
  11 orc priests
  2 jellies
  4 centaur skeletons
  A gnoll shaman (D:7)
  2 bullfrog skeletons
  19 orc wizards
  Ijyb (D:5)
  4 iguanas
  14 worker ants
  A killer bee zombie (D:8)
  2 hound skeletons
  A worker ant zombie (D:10)
  A howler monkey skeleton (D:4)
  11 adders
  8 gnolls
  3 shadow imps
  An ooze (D:5)
  An adder skeleton (D:10)
  2 adder zombies
  2 dart slugs
  2 worms (D:3)
  5 leopard geckos
  47 orcs
  5 giant cockroaches
  7 goblins
  7 hobgoblins
  16 jackals
  11 kobolds
  6 quokkas
  2 ball pythons
  10 bats
  9 frilled lizards
  A jackal skeleton (D:5)
  A quokka zombie (D:7)
  25 rats
395 creatures vanquished.

Vanquished Creatures (others)
  A freezing wraith (D:15)
1 creature vanquished.

Grand Total: 396 creatures vanquished

Notes
Turn   | Place    | Note
-------+----------+-------------------------------------------
     0 | Abyss:1  | puzzle the Formicid Abyssal Knight began the quest for the
                  | Orb.
     0 | Abyss:1  | Reached XP level 1. HP: 18/18 MP: 2/2
    86 | Abyss:2  | Got a scorched chain mail
   110 | Abyss:2  | Identified the +9 chain mail "Isab" {rPois Dex+2} (You
                  | found it on level 2 of the Abyss)
   114 | Abyss:2  | Noticed a small abomination
   127 | Abyss:2  | Noticed a small abomination
   184 | Abyss:2  | Noticed a phantasmal warrior
   188 | D:1      | Escaped the Abyss
   263 | D:1      | Reached * piety under Lugonu
   263 | D:1      | Reached XP level 2. HP: 24/24 MP: 3/3
   722 | D:1      | Reached XP level 3. HP: 29/29 MP: 4/4
  1234 | D:2      | Reached skill level 3 in Axes
  1483 | D:2      | Noticed Sigmund
  1698 | D:3      | Reached ** piety under Lugonu
  1698 | D:3      | Reached XP level 4. HP: 35/35 MP: 5/5
  1861 | D:3      | Reached XP level 5. HP: 41/41 MP: 6/6
  2050 | D:3      | Reached skill level 4 in Axes
  2182 | D:3      | Found a faded altar of an unknown god.
  2360 | D:3      | Reached XP level 6. HP: 47/47 MP: 7/7
  2467 | D:3      | Found a radiant altar of Vehumet.
  2468 | D:3      | Found a hide-covered altar of Uskayaw.
  2764 | D:4      | Reached skill level 5 in Axes
  2812 | D:4      | Found a sparkling altar of Nemelex Xobeh.
  2855 | D:4      | Reached *** piety under Lugonu
  3177 | D:4      | Found a staircase to the Ecumenical Temple.
  3189 | D:4      | Reached XP level 7. HP: 46/52 MP: 8/8
  3439 | D:5      | Entered Level 5 of the Dungeon
  3539 | D:5      | Reached skill level 6 in Axes
  3892 | D:5      | Noticed Edmund
  4143 | D:5      | Killed Edmund
  4143 | D:5      | Reached skill level 5 in Armour
  4362 | D:5      | Noticed Ijyb
  4380 | D:5      | Killed Ijyb
  4884 | D:5      | Found a runed gate.
  4884 | D:5      | Found a runed gate.
  4884 | D:5      | Found an opulent altar of Gozag.
  4884 | D:5      | Found a runed gate.
  4885 | D:5      | Noticed lemonriz's ghost (novice GrEE)
  5089 | D:6      | Reached skill level 1 in Shields
  5089 | D:6      | Reached XP level 8. HP: 57/58 MP: 10/10
  5286 | D:6      | Reached skill level 7 in Axes
  5438 | D:6      | Found a deep blue altar of Sif Muna.
  5654 | D:6      | Reached **** piety under Lugonu
  5740 | D:6      | Found an opulent altar of Gozag.
  5815 | D:6      | Learned a level 1 spell: Apportation
  6035 | D:5      | Gained mutation: Your body sometimes deteriorates upon
                  | taking damage. [potion of mutation]
  6035 | D:5      | Gained mutation: Your skin changes colour to match your
                  | surroundings (Stealth+). [potion of mutation]
  6035 | D:5      | Gained mutation: Your skin blends seamlessly with your
                  | surroundings (Stealth++). [potion of mutation]
  6036 | D:5      | Lost mutation: Your body sometimes deteriorates upon taking
                  | damage. [potion of mutation]
  6036 | D:5      | Gained mutation: You are clumsy. (Dex -2) [potion of
                  | mutation]
  6036 | D:5      | Gained mutation: Scrolls take you a little longer to read.
                  | [potion of mutation]
  6036 | D:5      | Gained mutation: You possess an exceptional clarity of
                  | mind. [potion of mutation]
  6036 | D:5      | Gained mutation: You evolve. [potion of mutation]
  6587 | D:7      | Reached skill level 8 in Axes
  6604 | D:7      | Reached XP level 9. HP: 60/64 MP: 9/12
  6653 | D:7      | Reached skill level 5 in Invocations
  6710 | D:7      | Found a bloodstained altar of Trog.
  6906 | D:7      | Noticed a manticore
  6924 | D:7      | Killed a manticore
  7341 | D:7      | Reached skill level 9 in Axes
  7372 | D:7      | Found an ornate altar of the Wu Jian Council.
  7380 | D:7      | Found a snail-covered altar of Cheibriados.
  7380 | D:7      | Found a white marble altar of Elyvilon.
  7384 | D:7      | Found a glowing golden altar of the Shining One.
  8159 | D:8      | Reached XP level 10. HP: 37/70 MP: 9/15
  8567 | D:8      | Reached ***** piety under Lugonu
  8682 | D:8      | Gained mutation: Your flesh is cold resistant. (rC+)
                  | [evolution]
  8903 | D:8      | Reached skill level 10 in Axes
  9635 | D:8      | Noticed Pikel
  9655 | D:8      | Killed Pikel
  9909 | D:9      | Found a bloodstained altar of Trog.
 10472 | D:9      | Found an ancient bone altar of Kikubaaqudgha.
 10890 | D:10     | Entered Level 10 of the Dungeon
 11002 | D:10     | Lost mutation: You possess an exceptional clarity of mind.
                  | [evolution]
 11067 | D:10     | Reached skill level 11 in Axes
 11067 | D:10     | Reached XP level 11. HP: 75/75 MP: 17/17
 11400 | D:10     | Noticed a two-headed ogre
 11411 | D:10     | Killed a two-headed ogre
 11456 | D:10     | Noticed Erolcha
 11457 | D:10     | Banished Erolcha
 11807 | D:10     | Noticed a two-headed ogre
 11824 | D:10     | Killed a two-headed ogre
 11824 | D:10     | Reached skill level 12 in Axes
 11922 | D:10     | Gained mutation: You expend magic power (3 MP) to
                  | strengthen your wands. [evolution]
 11929 | D:10     | Reached skill level 5 in Fighting
 12481 | D:11     | Noticed a purple ugly thing
 12509 | D:10     | Killed a purple ugly thing
 12509 | D:10     | Reached skill level 10 in Armour
 12921 | D:11     | Found a staircase to the Lair.
 13176 | D:11     | Noticed a green ugly thing
 13240 | D:11     | Killed a green ugly thing
 13240 | D:11     | Reached XP level 12. HP: 60/86 MP: 12/19
 13684 | D:11     | Gained mutation: Your natural rate of healing is unusually
                  | fast. [evolution]
 13718 | D:11     | Found a glowing golden altar of the Shining One.
 13718 | D:11     | Noticed an angel
 13720 | D:11     | Found a runed door.
 14159 | D:12     | Reached skill level 10 in Invocations
 14241 | D:12     | Found a staircase to the Orcish Mines.
 14735 | D:12     | Reached skill level 13 in Axes
 14920 | D:12     | You fall through a shaft for 3 floors!
 14920 | D:15     | Entered Level 15 of the Dungeon
 14920 | D:15     | Noticed a four-headed hydra
 14932 | D:15     | Killed a seven-headed hydra
 15031 | D:15     | Found a portal to a secret trove of treasure.
 15066 | D:14     | Reached ****** piety under Lugonu
 15566 | D:14     | Noticed an ironheart preserver
 15567 | D:14     | Found a gate to the Vaults.
 15593 | D:14     | Killed an ironheart preserver
 15593 | D:14     | Reached skill level 14 in Axes
 15593 | D:14     | Reached XP level 13. HP: 54/96 MP: 4/20
 15963 | D:13     | Found Qunwypp's Food Emporium.
 16432 | D:12     | Gained mutation: You are partially covered in icy blue
                  | scales. (AC +2) [evolution]
 17098 | D:14     | Reached skill level 15 in Axes
 17108 | D:14     | You fall through a shaft!
 17137 | D:15     | HP: 2/100 [shadow (8)]
 17148 | D:15     | Slain by a harpy skeleton

Vault maps used:
D:1:      grunt_arrival_lava_bath
D:2:      first_ration, uniq_sigmund
D:3:      gammafunk_temple_overflow_pools, chequers_ecumenical_altar_simple
D:4:      old_standard_altar, minmay_temple_entry_trees, minmay_rat_hole
D:5:      ebering_ghost_gozag, lemuel_flame_loot_1, uniq_edmund, uniq_ijyb
D:6:      marbit_many_paths, basic_altar, serial_corexii_hall,
          chequers_hall_statues_wall_a, corexii_hall_statues_x,
          corexii_hall_statues_s, corexii_hall_statues_i,
          corexii_hall_statues_l, chequers_hall_statues_wall_a
D:7:      lemuel_round_altar, grunt_temple_overflow_cloverleaf
D:8:      minmay_fractal_squares_5, uniq_pikel
D:9:      basic_altar, trog_ov_bears_minmay
D:10:     uniq_erolcha
D:11:     erik_lair_orcish_takeover, lemuel_angel_altar
D:12:     david_orc_2, water_maze_lemuel
D:13:     serial_shops, nicolae_shop_trees, grunt_pizzeria,
          kennysheep_generic_room_5
D:14:     skrybe_vaults_entry_preservation, serial_bayou_pond_d
D:15:     gammafunk_depths_entry_grave, serial_shops, shop,
          grunt_dithmenos_shadows, nicolae_trove_entry_diagonal,
          chequers_serial_rivers_room_a, uniq_kirke

Skill      XL: |  1  2  3  4  5  6  7  8  9 10 11 12 13 |
---------------+----------------------------------------+-----
Armour         | 3 4 5 6 7 9 10 11 | 11.5
Axes           | 3 4 5 6 8 9 11 12 14 15 | 15.1
Invocations    | 3 4 6 8 9 10 | 10.0
Shields        | 1 2 4 |  4.5
Fighting       | 5 7 8 |  8.8
Throwing       | |  0.1
Dodging        | |  0.8

Action                   |  1- 3 |  4- 6 |  7- 9 | 10-12 | 13-15 || total
-------------------------+-------+-------+-------+-------+-------++-------
Melee: Hand axe          |    86 |   171 |   446 |   797 |       ||  1500
       Battleaxe         |       |       |       |   151 |   179 ||   330
Throw: Stone             |       |     1 |     1 |       |       ||     2
       Javelin           |       |       |    18 |     9 |     2 ||    29
 Cast: Apportation       |       |       |     9 |       |       ||     9
Invok: Depart the Abyss  |     1 |       |       |       |       ||     1
       Banish            |       |       |       |     1 |     1 ||     2
       Bend Space        |       |       |       |       |     1 ||     1
 Abil: Evoke Flight      |       |     1 |       |     1 |       ||     2
       Dig               |       |       |     1 |     2 |       ||     3
       Shaft Self        |       |       |       |     1 |     1 ||     2
Evoke: Wand              |       |       |       |    10 |     7 ||    17
  Use: Scroll            |       |       |     5 |    19 |     2 ||    26
       Potion            |       |       |     3 |       |     4 ||     7
 Stab: Confused          |       |       |       |       |     1 ||     1
  Eat: Chunk             |     2 |     6 |    13 |    20 |     4 ||    45
       Ration            |       |       |     1 |     3 |     1 ||     5
Armor: Chain mail        |    61 |   100 |   200 |   457 |   136 ||   954
       Skin              |       |       |    19 |       |       ||    19
Dodge: Dodged            |    30 |    40 |   111 |   309 |   120 ||   610
Block: Buckler           |       |     8 |    51 |   174 |    33 ||   266

Table legend:
 A = Non-vault XP
 B = Vault XP
 C = Vault XP percentage of total XP
 D = Non-vault monster count
 E = Vault monster count
 F = Vault count percentage of total count
                 A         B        C        D         E       F
            +---------+---------+-------+---------+---------+-------
      Total |   31035 |    6767 |  17.9 |     340 |      57 |  14.4
            +---------+---------+-------+---------+---------+-------
        D:1 |      32 |       0 |   0.0 |      19 |       0 |   0.0
        D:2 |      35 |       0 |   0.0 |      22 |       0 |   0.0
        D:3 |     258 |       0 |   0.0 |      29 |       0 |   0.0
        D:4 |     266 |      20 |   7.0 |      20 |      19 |  48.7
        D:5 |     204 |     189 |  48.1 |      14 |       2 |  12.5
        D:6 |     638 |     129 |  16.8 |      15 |       1 |   6.2
        D:7 |    1490 |       0 |   0.0 |      34 |       0 |   0.0
        D:8 |    1613 |     847 |  34.4 |      35 |       7 |  16.7
        D:9 |    1338 |     240 |  15.2 |      19 |       2 |   9.5
       D:10 |    6037 |    1022 |  14.5 |      37 |       4 |   9.8
       D:11 |    2262 |     167 |   6.9 |      28 |       6 |  17.6
       D:12 |    4355 |      12 |   0.3 |      27 |       4 |  12.9
       D:13 |    3218 |     495 |  13.3 |      16 |       3 |  15.8
       D:14 |    7179 |    2275 |  24.1 |      20 |       6 |  23.1
       D:15 |    2110 |    1371 |  39.4 |       5 |       3 |  37.5
            +---------+---------+-------+---------+---------+-------
